 Dungeon Crawl Stone Soup version 0.31-a0-844-gdc52ec4e09 (webtiles) character file.

Game seed: 6385072661162806076

81 arglypuff the Sneak (level 4, -1/27 HPs)
             Began as an Octopode Hedge Wizard on Sept 30, 2023.
             Slain by an orc
             ... wielding a +0 mace
              (4 damage)
             ... on level 3 of the Dungeon.
             The game lasted 00:05:54 (2325 turns).

arglypuff the Sneak (Octopode Hedge Wizard)         Turns: 2325, Time: 00:05:55

Health: -1/27      AC:  1    Str: 11    XL:     4   Next: 42%
Magic:  6/9        EV: 13    Int: 16    God:
Gold:   191        SH:  0    Dex: 11    Spells: 5/10 levels left

rFire   + . .        u - +2 whip "Buxzij" {pain, Will+ rCorr}
rCold   . . .        (no shield)
rNeg    . . .        b - +0 hat
rPois   .            (no amulet)
rElec   .            k - ring of willpower
rCorr   +            v - ring of protection from fire
SInv    .            (no ring)
Will    ++...        (no ring)
Stlth   +++          (no ring)
HPRegen 0.24/turn    (no ring)
MPRegen 0.11/turn    (no ring)
                     (no ring)

%: no passive effects
@: no status effects
A: almost no armour, amphibious, 8 rings, camouflage 1, gelatinous body 1,
(nimble swimmer 1), tentacles
a: no special abilities


You were on level 3 of the Dungeon.
You visited 1 branch of the dungeon, and saw 3 of its levels.

You collected 191 gold pieces.

Inventory:

Hand Weapons
 a - a +0 dagger
 u - the +2 whip "Buxzij" (weapon) {pain, Will+ rCorr}
   (You found it on level 3 of the Dungeon)

   Will+:     It increases your willpower.
   rCorr:     It protects you from acid and corrosion.
Armour
 b - a +0 hat (worn)
Jewellery
 k - a ring of willpower (left tentacle)
 n - a ring of fire
 q - an amulet of guardian spirit
 v - a ring of protection from fire (right tentacle)
Scrolls
 d - 2 scrolls of identify {unknown}
 e - a scroll of noise {unknown}
 g - a scroll of revelation {unknown}
 i - 2 scrolls of blinking {unknown}
 j - a scroll of fog {unknown}
 l - 3 scrolls of teleportation {unknown}
 o - a scroll of amnesia {unknown}
 p - a scroll of enchant weapon {unknown}
Potions
 c - a potion of magic
 f - a potion of ambrosia {unknown}
 h - a potion of heal wounds {unknown}
 m - 2 potions of haste {unknown}
 r - a potion of enlightenment {unknown}
 s - a potion of brilliance {unknown}
 t - a potion of degeneration {unknown}


   Skills:
 + Level 0.4 Fighting
 + Level 1.0 Short Blades
 + Level 2.1 Dodging
 + Level 4.1 Stealth
 + Level 3.8 Spellcasting
 + Level 1.5 Conjurations
 + Level 1.0 Summonings
 + Level 1.0 Translocations


You had 5 spell levels left.
You knew the following spells:

 Your Spells              Type           Power      Damage    Failure   Level
a - Magic Dart            Conj           32%        1d4       9%          1
b - Call Imp              Summ           12%        N/A       17%         2
c - Cigotuvi's Dreadful   Necr/Pois/Air  6%         N/A       26%         2

Your spell library contained the following spells:

 Spells                   Type           Power      Damage    Failure   Level
 Slow                     Hex            12%        N/A       17%         1
 Blink                    Tloc           12%        N/A       17%         2
 Hailstorm                Conj/Ice       5%         3d4       36%         3
 Mephitic Cloud           Conj/Pois/Air  4%         N/A       38%         3
 Summon Ice Beast         Ice/Summ       4%         N/A       80%         4
 Simulacrum               Ice/Necr       1%         N/A       100%        6


Dungeon Overview and Level Annotations

Branches:
Dungeon (3/15)

Altars:

Shops:
D:2 =   D:3 :


Innate Abilities, Weirdness & Mutations

You cannot wear most types of armour.
You are amphibious.
You can wear up to eight rings at the same time.
Your skin changes colour to match your surroundings (Stealth+).
Your rubbery body absorbs attacks. (AC +1, EV +1)
((You are camouflaged when in or above water. (Stealth+)))
You have tentacles for arms and can constrict up to eight enemies at once.


Message History

The orc misses you.
Your cerulean imp completely misses the orc.
Your magical contamination has completely faded away.
You completely miss the orc. You grab the orc. You tentacle-slap the orc.
You squeeze the orc.
The orc is almost dead.
You constrict the orc, but do no damage.
The orc hits you with a +0 club. The orc barely misses you.
Your cerulean imp hits the orc but does no damage.
You whack the orc!
You kill the orc!
The orc closely misses you. The orc hits you with a +0 mace.
Your cerulean imp closely misses the orc.
You hit the orc. You grab the orc. You squeeze the orc, but do no damage.
The orc is lightly wounded.
You constrict the orc, but do no damage.
The orc hits you with a +0 dagger. The orc hits you with a +0 mace.
The orc closely misses you.
Your cerulean imp hits the orc with a -4 spear.
You hit the orc but do no damage. You squeeze the orc, but do no damage.
The orc is lightly wounded.
You constrict the orc, but do no damage.
The orc misses you. The orc hits you with a +0 mace.
The orc hits you with a +0 dagger.
* * * LOW HITPOINT WARNING * * *
Your cerulean imp hits the orc with a -4 spear.
You hit the orc.
The orc is heavily wounded.
You constrict the orc, but do no damage.
The orc misses your cerulean imp. The orc barely misses you.
The orc misses you.
Your cerulean imp hits the orc with a -4 spear.
The orc dies!
You hit the orc.
You kill the orc!
The orc hits you with a +0 mace.
* * * LOW HITPOINT WARNING * * *
Your cerulean imp hits the orc but does no damage.
The orc hits you with a +0 mace.
You die...

...............$.........
.⌠.......................
.........................
.⌠....)...........^......
.........................
.........................
.........................
.................5.......
................@)......#
.....#...........o...>.##
.....##...............##
.....###.............##
.....# ##...........##
.....# ##.........##
.....# ##.......## .....#
######### .....#


You could see an orc (ally target) and a friendly cerulean imp (summoned).

Vanquished Creatures
  An adder (D:2)
  2 worms (D:3)
  5 orcs (D:3)
  9 ball pythons
  6 bats
  4 endoplasms (D:1)
  3 giant cockroaches
  5 goblins
  9 hobgoblins
  2 kobolds
  2 quokkas
  3 frilled lizards
  2 rats (D:1)
53 creatures vanquished.

Vanquished Creatures (collateral kills)
  An orc (D:3)
  A hobgoblin (D:3)
  A kobold (D:2)
3 creatures vanquished.

Grand Total: 56 creatures vanquished

Notes
Turn   | Place    | Note
-------+----------+-------------------------------------------
     0 | D:1      | arglypuff the Octopode Hedge Wizard began the quest for the
                  | Orb.
     0 | D:1      | Reached XP level 1. HP: 11/11 MP: 4/4
   159 | D:1      | Reached skill level 3 in Stealth
   217 | D:1      | Reached XP level 2. HP: 16/17 MP: 6/6
   932 | D:1      | Found a faded altar of an unknown god.
   942 | D:1      | Reached XP level 3. HP: 20/21 MP: 0/7
  1389 | D:2      | Learned a level 2 spell: Call Imp
  1485 | D:2      | Found Jovisofu's One-of-a-Kind Rings.
  2003 | D:3      | Reached XP level 4. HP: 27/27 MP: 3/9
  2003 | D:3      | Found Sasivall's Vocational Training.
  2110 | D:3      | Reached skill level 1 in Short Blades
  2119 | D:3      | Identified the +2 whip "Buxzij" {pain, Will+ rCorr}
  2127 | D:3      | Learned a level 2 spell: Cigotuvi's Dreadful Rot
  2287 | D:3      | Reached skill level 4 in Stealth
  2325 | D:3      | Slain by an orc

Illustrated notes

Levels and vault maps discovered:
D:1:      minmay_arrival_solitary_statue, layout_loops_ring,
          shapermc_ecumenical_altar_notcrosses
D:2:      layout_loops_cross, ebering_dispersal_statue_hall,
          kennysheep_big_empty_room, nicolae_shop_unique_rings
D:3:      layout_basic, nicolae_shop_vocational

Skill      XL: |  1  2  3  4 |
---------------+-------------+-----
Stealth        | 3 4 |  4.1
Short Blades   | 1 |  1.0
Fighting       | |  0.4
Dodging        | |  2.1
Spellcasting   | |  3.8
Conjurations   | |  1.5
Summonings     | |  1.0
Translocations | |  1.0

Action                     |  1- 3 |  4- 6 || total
---------------------------+-------+-------++-------
  Melee: Dagger            |    57 |    18 ||    75
         Constrict         |     9 |     8 ||    17
         Tentacles         |     6 |     7 ||    13
         Whip              |       |    17 ||    17
         Punch             |       |     2 ||     2
   Cast: Magic Dart        |    49 |       ||    49
         Call Imp          |     3 |     3 ||     6
   Stab: Sleeping          |     7 |     2 ||     9
 Armour: Skin              |    18 |    20 ||    38
  Dodge: Dodged            |    43 |    21 ||    64

Table legend: (Time is in decaauts)
 A = Elapsed time spent in this place.
 B = Non-inter-level travel time spent in this place.
 C = Inter-level travel time spent in this place.
 D = Time resting spent in this place.
 E = Time spent auto-exploring this place.
 F = Levels seen in this place.
 G = Mean time per level.
                   A        B        C        D        E       F      G
               +--------+--------+--------+--------+--------+-----+--------+
         Total |   2323 |   2221 |    102 |    110 |   1738 |   3 |  774.3 |
       Dungeon |   2323 |   2221 |    102 |    110 |   1738 |   3 |  774.3 |
               +--------+--------+--------+--------+--------+-----+--------+

Top non-repeatable levels by time:
     D:1: 1089 daAuts
     D:2: 907 daAuts
     D:3: 326 daAuts
